 Dungeon Crawl Stone Soup version 0.28-a0-1622-gc30f734a66 (webtiles) character file.

Game seed: 13219825459649907301

295 Anathary the Covert (level 6, -5/30 HPs)
             Began as a Spriggan Brigand on Jan 23, 2022.
             Slain by an orc (6 damage)
             ... on level 3 of the Dungeon.
             The game lasted 00:10:21 (3045 turns).

Anathary the Covert (Spriggan Brigand)              Turns: 3045, Time: 00:10:22

Health: -5/30      AC:  3    Str:  7    XL:     6   Next: 11%
Magic:  7/7        EV: 18    Int: 12    God:
Gold:   73         SH:  0    Dex: 19    Spells: 5/5 levels left

rFire   . . .      SeeInvis +   a - +2 dagger
rCold   . . .      Faith    .   (no shield)
rNeg    . . .      Spirit   .   b - +0 robe
rPois   .          Reflect  .   (helmet restricted)
rElec   .          Harm     .   c - +0 cloak
rCorr   .          Rampage  .   (gloves unavailable)
Will    +....                   (boots unavailable)
Stlth   +++++.....              (no amulet)
HPRegen 0.10/turn               (no ring)
MPRegen 0.10/turn               (no ring)

@: very quick
A: very small, no large weapons, unfitting armour, see invisible, speed 3
a: no special abilities


You were on level 3 of the Dungeon.
You visited 1 branch of the dungeon, and saw 3 of its levels.

You collected 73 gold pieces.

Inventory:

Hand Weapons
 a - a +2 dagger (weapon)
 l - a +1 dagger of speed
Missiles
 d - 11 poisoned darts (quivered)
 e - 2 curare-tipped darts
Armour
 b - a +0 robe (worn)
 c - a +0 cloak (worn)
Jewellery
 j - a ring of protection from cold
Scrolls
 g - a scroll of identify {unknown}
 i - 2 scrolls of teleportation {unknown}
Potions
 f - a potion of haste {unknown}
 h - a potion of mutation {unknown}
 k - 2 potions of magic {unknown}
 m - a potion of heal wounds {unknown}


   Skills:
 + Level 1.9 Fighting
 + Level 2.9 Short Blades
 - Level 2.0 Throwing
 + Level 2.9 Dodging
 * Level 10.2 Stealth


You had 5 spell levels left.
You didn't know any spells.
Your spell library contained the following spells:

 Spells                   Type           Power      Damage    Failure   Level
 Static Discharge         Conj/Air       0%         N/A       45%         2
 Dispel Undead            Necr           0%         3d6       97%         4
 Sticky Flame             Conj/Fire      0%         2d3       97%         4


Dungeon Overview and Level Annotations

Branches:
Dungeon (3/15)

Altars:


Innate Abilities, Weirdness & Mutations

You are very small and have problems with some larger weapons.
You are too small for most types of armour.
You have supernaturally acute eyesight. (SInv)
You cover ground extremely quickly. (Speed+++)


Message History

The orc hits you with a +0 trident.
You hit the orc but do no damage.
The orc is moderately wounded.
The orc hits you with a +0 trident!
An adder comes into view.
You closely miss the orc.
The orc is moderately wounded.
The orc misses you.
You closely miss the orc.
The orc is moderately wounded.
The orc hits you with a +0 trident.
* * * LOW HITPOINT WARNING * * *
The adder hisses angrily.
You hit the orc but do no damage.
The orc is moderately wounded.
The orc completely misses you.
You closely miss the orc.
The orc is moderately wounded.
The orc misses you.
You hit the orc but do no damage.
The orc is moderately wounded.
The orc misses you.
You closely miss the orc.
The orc is moderately wounded.
The adder barely misses you.
You hit the orc but do no damage.
The orc is moderately wounded.
The orc barely misses you. The adder closely misses you.
You closely miss the orc.
The orc is moderately wounded.
The orc misses you. The adder bites you.
* * * LOW HITPOINT WARNING * * *
You hit the orc but do no damage.
The orc is moderately wounded.
The orc hits you but does no damage. The adder bites you.
* * * LOW HITPOINT WARNING * * *
You hit the orc but do no damage.
The orc is moderately wounded.
The adder misses you. The orc hits you with a +0 trident.
You die...

.# ####### .#
#.....############# .#
#..........#....... .#
#.†........#.......
#######.........)#......(
.................#.......
.#######.##......#o......
.# #.##.....)#)......
.#######.##.....@o...#
.................S.......
.........###.............
###...........^...$..#...
..#.........####.##### ..
..#........... ..# .
..................
..#......##......#
..#......# ....


You could see an adder and an orc.

Vanquished Creatures
  Sigmund (D:2)
  An orc priest (D:3)
  A gnoll (D:3)
  2 adders (D:2)
  A dart slug (D:1)
  2 orcs (D:3)
  6 bats
  5 endoplasms
  3 giant cockroaches
  7 goblins
  9 hobgoblins
  7 kobolds
  6 quokkas
  6 ball pythons
  A frilled lizard (D:3)
  4 rats
62 creatures vanquished.

Notes
Turn   | Place    | Note
-------+----------+-------------------------------------------
     0 | D:1      | Anathary the Spriggan Brigand began the quest for the Orb.
     0 | D:1      | Reached XP level 1. HP: 10/10 MP: 2/2
    22 | D:1      | Reached skill level 6 in Stealth
    93 | D:1      | Found a faded altar of an unknown god.
   199 | D:1      | Reached XP level 2. HP: 8/14 MP: 3/3
   610 | D:1      | Reached skill level 7 in Stealth
  1247 | D:1      | Reached XP level 3. HP: 18/18 MP: 4/4
  1560 | D:2      | Noticed Sigmund
  1562 | D:2      | Killed Sigmund
  1563 | D:2      | Reached skill level 9 in Stealth
  1563 | D:2      | Reached XP level 4. HP: 23/23 MP: 5/5
  1563 | D:2      | Reached XP level 5. HP: 26/26 MP: 6/6
  1986 | D:2      | Reached skill level 10 in Stealth
  3022 | D:3      | Reached XP level 6. HP: 19/30 MP: 7/7
  3044 | D:3      | HP: 1/30 [adder (2)]
  3045 | D:3      | Slain by an orc

Illustrated notes

Levels and vault maps discovered:
D:1:      wander_arrival_chamber, layout_basic,
          shapermc_ecumenical_altar_flowoftime
D:2:      layout_basic, kennysheep_generic_room_3, uniq_sigmund
D:3:      layout_basic, minmay_liquid_box

Skill      XL: |  1  2  3  4  5 |
---------------+----------------+-----
Stealth        | 6 7 9 10 | 10.2
Dodging        | 2 |  2.9
Fighting       | |  1.9
Short Blades   | |  2.9
Throwing       | |  2.0

Action                   |  1- 3 |  4- 6 || total
-------------------------+-------+-------++-------
Melee: Dagger            |    89 |   146 ||   235
       Punch             |       |     3 ||     3
 Stab: Sleeping          |    13 |     7 ||    20
       Distracted        |       |     1 ||     1
Armor: Robe              |     9 |    20 ||    29
Dodge: Dodged            |    59 |   125 ||   184

Table legend: (Time is in decaauts)
 A = Elapsed time spent in this place.
 B = Non-inter-level travel time spent in this place.
 C = Inter-level travel time spent in this place.
 D = Time resting spent in this place.
 E = Time spent auto-exploring this place.
 F = Levels seen in this place.
 G = Mean time per level.
                   A        B        C        D        E       F      G
               +--------+--------+--------+--------+--------+-----+--------+
         Total |   2363 |   2278 |     85 |   1149 |    360 |   3 |  787.7 |
       Dungeon |   2363 |   2278 |     85 |   1149 |    360 |   3 |  787.7 |
               +--------+--------+--------+--------+--------+-----+--------+

Top non-repeatable levels by time:
     D:1: 1198 daAuts
     D:2: 813 daAuts
     D:3: 352 daAuts
